 Dungeon Crawl Stone Soup version 0.31-a0-7-g51783674b7 (webtiles) character file.

Game seed: 3200831274632790124

1066 Lobster4 the Chiller (level 8, -8/58 HPs)
             Began as a Merfolk Ice Elementalist on May 5, 2023.
             Was a Follower of the Shining One.
             Mangled by a hornet (11 damage)
             ... while paralysed by a hornet
             ... on level 6 of the Dungeon.
             The game lasted 00:21:15 (6735 turns).

Lobster4 the Chiller (Merfolk Ice Elementalist)     Turns: 6735, Time: 00:21:15

Health: -8/58      AC: 11    Str: 17    XL:     8   Next: 28%
Magic:  6/13       EV:  2    Int: 14    God:    the Shining One [*.....]
Gold:   346        SH:  0    Dex: 14    Spells: 7/14 levels left

rFire   . . .        o - +3 dagger
rCold   . . .        (no shield)
rNeg    . . .        w - +1 leather armour {Will+}
rPois   .            B - +1 helmet
rElec   .            f - +0 cloak
rCorr   .            (no gloves)
SInv    .            (no boots)
Will    +....        (no amulet)
Stlth   +            l - ring of wizardry
HPRegen 0.29/turn    t - +6 ring of strength
MPRegen 0.13/turn

%: wizardry (x1)
@: paralysed, ice-armoured, slowed, glowing
A: (nimble swimmer 2), mertail
a: Renounce Religion, Divine Shield


You were on level 6 of the Dungeon.
You worshipped the Shining One.
The Shining One was aware of your devotion.
You visited 1 branch of the dungeon, and saw 6 of its levels.

You collected 346 gold pieces.

Inventory:

Hand Weapons
 c - a +1 dagger of electrocution
 e - a +0 dagger
 h - a +0 short sword
 j - a +0 sling
 n - a +0 spear
 o - a +3 dagger (weapon)
 D - a +0 shortbow
 G - a +0 rapier
Missiles
 d - 2 stones (quivered)
 J - 4 boomerangs
Armour
 a - a +0 robe
 f - a +0 cloak (worn)
 r - a +2 robe
 u - the +0 ring mail of Resonant Freedom {rF- Regen+ Int+7}
   (You found it on level 2 of the Dungeon)

   Int:       It affects your intelligence (+7).
   rF:        It makes you vulnerable to fire.
   Regen:     It increases your rate of health regeneration.
 w - a +1 leather armour of willpower (worn)
 B - a +1 helmet (worn)
 E - a +1 scale mail of willpower
Jewellery
 l - a ring of wizardry (left hand)
 t - a +6 ring of strength (right hand)
Wands
 y - a wand of acid (12)
 z - a wand of paralysis (7)
 I - a wand of digging (6)
Scrolls
 i - 3 scrolls of fear
 m - 2 scrolls of teleportation {unknown}
 q - a scroll of immolation {unknown}
 v - a scroll of vulnerability {unknown}
 x - a scroll of enchant armour {unknown}
 C - a scroll of amnesia {unknown}
 F - a scroll of silence
 K - a scroll of identify
Potions
 b - a potion of magic
 g - a potion of cancellation
 k - a potion of lignification
 p - a potion of attraction
 s - 3 potions of brilliance
 A - a potion of flight
 H - a potion of might {unknown}


   Skills:
 + Level 3.3 Fighting
 - Level 2.0 Short Blades
 + Level 3.1 Polearms
 + Level 2.3 Throwing
 + Level 1.7 Armour
 + Level 5.2 Dodging
 - Level 3.0 Stealth
 + Level 3.5 Spellcasting
 + Level 2.1 Summonings
 + Level 5.6 Ice Magic
 + Level 2.3 Invocations
 + Level 1.4 Evocations


You had 7 spell levels left.
You knew the following spells:

 Your Spells              Type           Power      Damage    Failure   Level
a - Freeze                Ice            72%        1d8       1%          1
b - Frozen Ramparts       Ice            36%        1d6       2%          3
d - Ozocubu's Armour      Ice            18%        N/A       2%          3

Your spell library contained the following spells:

 Spells                   Type           Power      Damage    Failure   Level
 Ensorcelled Hibernation  Hex/Ice        20%        N/A       4%          2
 Passwall                 Tmut/Erth      1%         N/A       16%         2
 Summon Ice Beast         Ice/Summ       13%        N/A       19%         4
 Swiftness                Air            2%         N/A       28%         3
 Tukima's Dance           Hex            2%         N/A       28%         3
 Passage of Golubria      Tloc           2%         N/A       65%         4
 Yara's Violent Unravell  Hex/Tmut       1%         3d3       92%         5
 Ozocubu's Refrigeration  Ice            9%         4d9       100%        7


Dungeon Overview and Level Annotations

Branches:
Dungeon (6/15)             Temple (0/1) D:4

Altars:
Ashenzari
Dithmenos
Fedhas
Okawaru
Qazlal
Xom
Zin
The Shining One

Annotations:
D:5 exclusion: ice beast
D:6 Grinder


Innate Abilities, Weirdness & Mutations

((You are very nimble when in or above water. (Stealth+, EV+, Speed+++)))
Your lower body shifts to a powerful aquatic tail in water.


Message History

Casting: Frozen Ramparts (dangerous; 2% risk of failure)
Press: ? - help, Dir - look around, f - activate This square is lit by a halo.
The walls around you are covered in ice.
The wall freezes the hornet but does no damage.
The hornet stings you but does no damage.
The wall freezes the hornet but does no damage.
The hornet barely misses you.
You barely miss the hornet.
The hornet is heavily wounded.
The wall freezes the hornet.
The hornet closely misses you.
The wall freezes the hornet but does no damage.
The hornet stings you but does no damage.
You hit the hornet but do no damage.
The hornet is heavily wounded.
The wall freezes the hornet.
The hornet stings you but does no damage.
The wall freezes the hornet but does no damage.
The hornet stings you!
You feel as though you will be slow longer.
You hit the hornet but do no damage.
The hornet is severely wounded.
The wall freezes the hornet.
The hornet stings you!
You feel as though you will be slow longer.
The wall freezes the hornet but does no damage.
The hornet stings you!
You feel as though you will be slow longer.
You closely miss the hornet.
The hornet is severely wounded.
The wall freezes the hornet but does no damage.
The hornet stings you!
* * * LOW HITPOINT WARNING * * *
You suddenly lose the ability to move!
The wall freezes the hornet.
The hornet stings you but does no damage.
The frozen ramparts melt away.
The hornet stings you!
* * * LOW HITPOINT WARNING * * *
You feel as though you will be slow longer.
The hornet stings you but does no damage.
The hornet stings you!
You die...

##. ..# #. ..# ##
#.# #.# #.# #.#
####y####
#...@##.###
#####.....#####
#####
#..##..##..###....
#.#####>..........
#. #.....#####. ##
#..#..#####.
#.###..##... #.#
##....#. .##
#..####


You could see a hornet.

Vanquished Creatures
  Duvessa (D:5)
  A water moccasin (D:6)
  A black bear (D:4)
  A centaur (D:4)
  A scorpion (D:5)
  Dowan (D:5)
  2 hounds (D:5)
  A gnoll bouda (D:5)
  Jessica (D:2)
  2 iguanas
  6 orc wizards
  Robin (D:3)
  5 gnolls
  6 adders
  2 ufetubi
  4 worms
  3 dart slugs
  23 orcs
  6 bats
  7 endoplasms
  2 giant cockroaches
  9 hobgoblins
  6 quokkas
  3 ball pythons
  2 frilled lizards (D:1)
  13 goblins
  12 kobolds
  7 rats
129 creatures vanquished.

Notes
Turn   | Place    | Note
-------+----------+-------------------------------------------
     0 | D:1      | Lobster4 the Merfolk Ice Elementalist began the quest for
                  | the Orb.
     0 | D:1      | Reached XP level 1. HP: 13/13 MP: 3/3
   122 | D:1      | Reached XP level 2. HP: 13/20 MP: 5/5
   562 | D:1      | Reached XP level 3. HP: 21/25 MP: 2/6
   646 | D:1      | Found a faded altar of an unknown god.
  1139 | D:2      | Noticed Jessica
  1175 | D:1      | Learned a level 3 spell: Frozen Ramparts
  1180 | D:2      | Killed Jessica
  1181 | D:2      | Reached skill level 1 in Fighting
  1181 | D:2      | Reached skill level 1 in Short Blades
  1285 | D:2      | Reached XP level 4. HP: 32/32 MP: 3/7
  1354 | D:2      | Learned a level 3 spell: Ozocubu's Armour
  1743 | D:2      | Identified the +0 ring mail of Resonant Freedom {rF- Regen+
                  | Int+7}
  1981 | D:3      | Found a glowing golden altar of the Shining One.
  1981 | D:3      | Found a broken altar of Ashenzari.
  1982 | D:3      | Found a shimmering altar of Xom.
  1982 | D:3      | Found an iron altar of Okawaru.
  1982 | D:3      | Found a blossoming altar of Fedhas.
  1982 | D:3      | Found a glowing silver altar of Zin.
  1982 | D:3      | Found a stormy altar of Qazlal.
  1990 | D:3      | Found a shadowy altar of Dithmenos.
  1993 | D:3      | Became a worshipper of the Shining One
  2156 | D:3      | Reached XP level 5. HP: 18/38 MP: 1/8
  2284 | D:3      | Noticed Robin
  2298 | D:3      | Killed Robin
  2299 | D:3      | Reached skill level 1 in Polearms
  2727 | D:3      | You fall into a shaft and drop 1 floor!
  3338 | D:3      | Reached XP level 6. HP: 44/44 MP: 3/10
  3666 | D:4      | Reached skill level 5 in Ice Magic
  3671 | D:4      | Reached skill level 1 in Throwing
  4000 | D:4      | Reached skill level 1 in Armour
  4217 | D:4      | Noticed a black bear
  4411 | D:4      | Killed a black bear
  4412 | D:4      | Reached skill level 1 in Summonings
  4412 | D:4      | Reached skill level 1 in Invocations
  4412 | D:4      | Reached XP level 7. HP: 37/51 MP: 4/11
  4491 | D:4      | Found a staircase to the Ecumenical Temple.
  5012 | D:5      | Entered Level 5 of the Dungeon
  5528 | D:5      | Noticed Duvessa
  5528 | D:5      | Noticed Dowan
  5567 | D:5      | Killed Duvessa
  5575 | D:5      | Killed Dowan
  5576 | D:5      | Reached skill level 1 in Evocations
  5698 | D:5      | Reached skill level 5 in Dodging
  5698 | D:5      | Reached XP level 8. HP: 38/58 MP: 6/13
  6450 | D:6      | Noticed Grinder
  6450 | D:6      | Reached * piety under the Shining One
  6718 | D:6      | Noticed a hornet
  6733 | D:6      | Paralysed by a hornet for 3 turns
  6735 | D:6      | Mangled by a hornet

Illustrated notes

Levels and vault maps discovered:
D:1:      mainiacjoe_arrival_reflecting_pool, layout_basic,
          shapermc_ecumenical_altar_hornbeckon, minmay_misc_feat_diagonals,
          minmay_misc_feat_doors
D:2:      layout_rooms, dk_noncrumbling_2, glass_columns_c,
          minmay_tiny_reverse_x, uniq_jessica
D:3:      layout_loops_ring, grunt_temple_overflow_open, minmay_starry_boxes,
          uniq_robin
D:4:      layout_gridville, minmay_temple_entry_statues_fountains,
          serial_park_tiny_pond, kennysheep_generic_room_3
D:5:      minmay_bubble_buster, layout_layer_cave, uniq_blork_the_orc,
          uniq_duvessa, uniq_sigmund
D:6:      layout_layer_cave, nemelex_diamond_rough_becter, uniq_edmund,
          uniq_maggie, uniq_grinder

Skill      XL: |  1  2  3  4  5  6  7  8 |
---------------+-------------------------+-----
Dodging        | 3 4 5 |  5.2
Fighting       | 1 2 3 |  3.3
Short Blades   | 1 2 |  2.0
Stealth        | 3 |  3.0
Polearms       | 1 2 3 |  3.1
Ice Magic      | 5 |  5.6
Throwing       | 1 2 |  2.3
Armour         | 1 |  1.7
Spellcasting   | 3 |  3.5
Summonings     | 1 2 |  2.1
Invocations    | 1 2 |  2.3
Evocations     | 1 |  1.4

Action                     |  1- 3 |  4- 6 |  7- 9 || total
---------------------------+-------+-------+-------++-------
  Melee: Dagger            |     8 |   112 |    94 ||   214
         Short sword       |    40 |     1 |       ||    41
         Punch             |       |     1 |     2 ||     3
  Throw: Stone             |       |     1 |    24 ||    25
   Cast: Freeze            |    29 |    32 |    10 ||    71
         Frozen Ramparts   |       |    24 |    20 ||    44
         Ozocubu's Armour  |       |    20 |    13 ||    33
  Evoke: Wand              |       |     2 |       ||     2
    Use: Scroll            |       |     7 |     4 ||    11
         Potion            |       |     1 |     2 ||     3
   Stab: Sleeping          |     5 |     1 |       ||     6
 Armour: Robe              |    13 |    55 |    26 ||    94
         Leather armour    |       |       |    19 ||    19
  Dodge: Dodged            |    45 |   118 |    74 ||   237

Table legend: (Time is in decaauts)
 A = Elapsed time spent in this place.
 B = Non-inter-level travel time spent in this place.
 C = Inter-level travel time spent in this place.
 D = Time resting spent in this place.
 E = Time spent auto-exploring this place.
 F = Levels seen in this place.
 G = Mean time per level.
                   A        B        C        D        E       F      G
               +--------+--------+--------+--------+--------+-----+--------+
         Total |   6726 |   6363 |    363 |   1291 |   3765 |   6 | 1121.0 |
       Dungeon |   6726 |   6363 |    363 |   1291 |   3765 |   6 | 1121.0 |
               +--------+--------+--------+--------+--------+-----+--------+

Top non-repeatable levels by time:
     D:3: 1506 daAuts
     D:4: 1368 daAuts
     D:5: 1260 daAuts
     D:1: 1168 daAuts
     D:2: 1040 daAuts
     D:6: 382 daAuts
